 Dungeon Crawl Stone Soup version 0.31-a0-816-gd61d57ddb1 (webtiles) character file.

Game seed: 3243214519549745906

16 Essalna the Conjurer (level 2, 0/19 HPs)
             Began as a Demonspawn Conjurer on Sept 22, 2023.
             Slain by a kobold
             ... wielding a +0 short sword
              (3 damage)
             ... on level 1 of the Dungeon.
             The game lasted 00:00:28 (211 turns).

Essalna the Conjurer (Demonspawn Conjurer)           Turns: 211, Time: 00:00:29

Health: 0/19       AC:  2    Str:  7    XL:     2   Next: 37%
Magic:  5/5        EV: 12    Int: 19    God:
Gold:   15         SH:  0    Dex: 11    Spells: 4/5 levels left

rFire   . . .        d - +0 short sword
rCold   . . .        (no shield)
rNeg    . . .        a - +0 robe
rPois   .            (no helmet)
rElec   .            (no cloak)
rCorr   .            (no gloves)
SInv    .            (no boots)
Will    .....        (no amulet)
Stlth   ++           (no ring)
HPRegen 0.23/turn    (no ring)
MPRegen 0.09/turn

%: no passive effects
@: no status effects
A: claws 1
a: no special abilities


You were on level 1 of the Dungeon.
You visited 1 branch of the dungeon, and saw 1 of its levels.

You collected 15 gold pieces.

Inventory:

Hand Weapons
 d - a +0 short sword (weapon)
Armour
 a - a +0 robe (worn)
Potions
 b - a potion of magic
 c - a potion of curing {unknown}


   Skills:
 - Level 1.7 Dodging
 - Level 1.7 Stealth
 + Level 2.4 Spellcasting
 + Level 4.3 Conjurations


You had 4 spell levels left.
You knew the following spells:

 Your Spells              Type           Power      Damage    Failure   Level
a - Magic Dart            Conj           72%        1d6       2%          1

Your spell library contained the following spells:

 Spells                   Type           Power      Damage    Failure   Level
 Searing Ray              Conj           36%        2d5       4%          2
 Dazzling Flash           Conj/Hex       20%        N/A       21%         3
 Fulminant Prism          Conj/Hex       5%         3d7       54%         4
 Iskenderun's Mystic Bla  Conj/Tloc      10%        2d4       54%         4


Dungeon Overview and Level Annotations

Branches:
Dungeon (1/15)

Altars:


Innate Abilities, Weirdness & Mutations

You have sharp fingernails.


Message History

The rat is moderately wounded.
The rat barely misses you.
You closely miss the rat.
The rat is moderately wounded.
The rat bites you but does no damage.
You hit the rat.
You kill the rat!
You hit the rat.
You kill the rat!
The kobold throws a stone.
The stone misses you. The kobold closely misses you.
You see here a jackal corpse.
You closely miss the kobold.
The kobold hits you with a +0 short sword.
You hit the kobold but do no damage.
The kobold hits you with a +0 short sword.
You hit the kobold but do no damage. The kobold barely misses you.
The kobold barely misses you. The kobold barely misses you.
The kobold hits you with a +0 short sword.
The kobold hits you with a +0 short sword.
* * * LOW HITPOINT WARNING * * *
The kobold hits you but does no damage.
The kobold hits you with a +0 short sword.
* * * LOW HITPOINT WARNING * * *
The kobold closely misses you. The kobold hits you but does no damage.
The kobold barely misses you. The kobold completely misses you.
The kobold hits you with a +0 short sword.
* * * LOW HITPOINT WARNING * * *
The kobold barely misses you. The kobold barely misses you.
The kobold hits you with a +0 short sword.
* * * LOW HITPOINT WARNING * * *
The kobold closely misses you. The kobold barely misses you.
The kobold hits you but does no damage.
The kobold hits you with a +0 short sword.
You die...

#.....###.##
...# #.....#
#..### .....
#######
##...###.#...
###.#...[.#
#.#.#...#
####.....#
#......### #
#....###..###.#
..## #...@K.#
#..###....)..
....## .......
...### .......
.# .......
....... .......
...####


You could see a kobold.

Vanquished Creatures
  A dart slug (D:1)
  2 endoplasms (D:1)
  4 jackals (D:1)
  A bat (D:1)
  A frilled lizard (D:1)
  5 rats (D:1)
14 creatures vanquished.

Notes
Turn   | Place    | Note
-------+----------+-------------------------------------------
     0 | D:1      | Essalna the Demonspawn Conjurer began the quest for the
                  | Orb.
     0 | D:1      | Reached XP level 1. HP: 13/13 MP: 3/3
   163 | D:1      | Gained mutation: You have sharp fingernails. [demonic
                  | ancestry]
   163 | D:1      | Reached XP level 2. HP: 17/19 MP: 1/5
   211 | D:1      | Slain by a kobold

Illustrated notes

Levels and vault maps discovered:
D:1:      dpeg_arrival_round_a, layout_rooms

Action                     || total
---------------------------++-------
  Melee: Short sword       ||    39
         Unarmed           ||     1
   Cast: Magic Dart        ||     8
 Armour: Robe              ||    23
  Dodge: Dodged            ||    35

Table legend: (Time is in decaauts)
 A = Elapsed time spent in this place.
 B = Non-inter-level travel time spent in this place.
 C = Inter-level travel time spent in this place.
 D = Time resting spent in this place.
 E = Time spent auto-exploring this place.
 F = Levels seen in this place.
 G = Mean time per level.
                   A        B        C        D        E       F      G
               +--------+--------+--------+--------+--------+-----+--------+
         Total |    210 |    210 |      0 |      0 |    122 |   1 |  210.0 |
       Dungeon |    210 |    210 |      0 |      0 |    122 |   1 |  210.0 |
               +--------+--------+--------+--------+--------+-----+--------+

Top non-repeatable levels by time:
     D:1: 210 daAuts
